 Dungeon Crawl Stone Soup version 0.29.1-1-gd02db6906a (webtiles) character file.

Game seed: 11456911845614242443

182 Ashen the Chiller (level 5, -1/38 HPs)
             Began as a Demonspawn Ice Elementalist on Sept 17, 2022.
             Constricted to death by Natasha (3 damage)
             ... on level 3 of the Dungeon.
             The game lasted 00:05:38 (2918 turns).

Ashen the Chiller (Demonspawn Ice Elementalist)     Turns: 2918, Time: 00:05:41

Health: -1/38      AC: 10    Str:  9    XL:     5   Next: 35%
Magic:  3/9        EV:  9    Int: 18    God:
Gold:   164        SH:  0    Dex: 13    Spells: 2/9 levels left

rFire   + . .      SeeInvis +   l - +2 short sword (drain)
rCold   + . .      Faith    .   (no shield)
rNeg    . . .      Spirit   .   a - +0 robe
rPois   +          Reflect  .   (no helmet)
rElec   +          Harm     .   (no cloak)
rCorr   +          Rampage  .   (no gloves)
Will    .....                   i - +1 pair of boots
Stlth   ++........              (no amulet)
HPRegen 0.12/turn               g - ring of see invisible
MPRegen 0.11/turn               p - ring of flight

@: ice-armoured, resistant, grasped by roots, flying, slowed, constricted, very
slow
A: hooves 1, ignite blood 1, powered by pain 1
a: no special abilities


You were on level 3 of the Dungeon.
You visited 1 branch of the dungeon, and saw 3 of its levels.

You collected 164 gold pieces.

Inventory:

Hand Weapons
 l - a +2 short sword of draining (weapon)
Armour
 a - a +0 robe (worn)
 h - a +0 kite shield
 i - a +1 pair of boots (worn)
Jewellery
 g - a ring of see invisible (left hand)
 p - a ring of flight (right hand)
Wands
 o - a wand of paralysis (11)
Scrolls
 f - a scroll of identify
 s - a scroll of enchant armour
Potions
 b - a potion of magic
 c - 2 potions of curing {unknown}
 d - 2 potions of haste {unknown}
 e - a potion of berserk rage {unknown}
 j - a potion of degeneration {unknown}
 k - a potion of might
 m - a potion of flight {unknown}
 n - a potion of invisibility {unknown}
 q - a potion of mutation {unknown}
 r - a potion of resistance


   Skills:
 + Level 2.0 Fighting
 + Level 2.7 Dodging
 + Level 2.8 Stealth
 + Level 2.9 Spellcasting
 + Level 4.2 Ice Magic


You had 2 spell levels left.
You knew the following spells:

 Your Spells              Type           Power      Damage    Failure   Level
a - Freeze                Ice            68%        1d8       3%          1
b - Frozen Ramparts       Ice            34%        1d6       9%          3
c - Ozocubu's Armour      Ice            17%        N/A       9%          3

Your spell library contained the following spells:

 Spells                   Type           Power      Damage    Failure   Level
 Slow                     Hex            8%         N/A       17%         1
 Confusing Touch          Hex            2%         N/A       45%         3
 Vampiric Draining        Necr           2%         2d6       45%         3
 Hailstorm                Conj/Ice       10%        3d5       56%         4


Dungeon Overview and Level Annotations

Branches:
Dungeon (3/15)

Altars:

Annotations:
D:3 Natasha


Innate Abilities, Weirdness & Mutations

You have large cloven feet.
Your demonic aura sometimes causes spilled blood to erupt in flames.
You sometimes gain a little power by taking damage.


Message History

The grasping roots release their grip on you.
Aiming: Paralyse
Press: ? - help, Shift-Dir - straight line, f/p - Natasha
Aim: Natasha, carrying a wand of roots (9) (severely wounded, chance to affect: 49%) Natasha resists with some effort.
The wall freezes Natasha.
Natasha claws you.
The wall freezes the adder.
Aiming: Paralyse
Press: ? - help, Shift-Dir - straight line, f/p - Natasha
Aim: Natasha, carrying a wand of roots (9) (almost dead, chance to affect: 49%) Natasha resists with some effort.
The frozen ramparts melt away.
Natasha zaps a wand.
The roots erupt in riotous growth!
The grasping roots grab you!
Natasha is unaffected.
The grasping roots constrict you.
Natasha casts a spell.
The grasping roots constrict you!
* * * LOW HITPOINT WARNING * * *
The adder barely misses you.
You hear an angry hiss.
Casting: Ozocubu's Armour (dangerous; 9% risk of failure)
Confirm with . or Enter, or press ? or * to list all spells.
Aiming: Freeze (safe; 3% risk of failure)
Press: ? - help, Shift-Dir - straight line, f/p - Natasha
Aim: Natasha, carrying a wand of roots (8) (almost dead)
You freeze Natasha.
Natasha is almost dead.
The adder closely misses you. Natasha claws you.
* * * LOW HITPOINT WARNING * * *
The grasping roots constrict you.
* * * LOW HITPOINT WARNING * * *
The crimson imp hits you but does no damage.
The adder bites you but does no damage.
The grasping roots release their grip on you.
Unknown command.
It was a potion of resistance.
You feel protected.
Natasha zaps a wand.
The roots erupt in riotous growth!
The grasping roots grab you!
The crimson imp is unaffected.
The adder is unaffected.
Natasha is unaffected.
The grasping roots constrict you.
You die...

.###.......### #.
.#..........[# #.#
.#.####......### ... .#.#
#......... ##.# .#.#
#......### '.' .#.#
#.#...## # # #.#
#.#.####.##.## #
#.#'##)####S#.......#.# #
#........5@.#..<......#
#.#+##.####h#.#####.###
### +.'..#.#.# #.# #..
### #.#..#.#.# #.# #..
#.. ####.##@#.#.# #.# #..
#.#
..........#######.#####..
#.#
####.##'#.#.......##.....
#^#
+.'..#.#######.##..#..
#.# #.#..#.# #.##..#..


You could see Natasha, a crimson imp (summoned) and an adder.

Vanquished Creatures
  An iguana (D:3)
  Jessica (D:2)
  Natasha (D:3)
  Terence (D:3)
  2 adders (D:2)
  A worm (D:3)
  3 orcs (D:3)
  6 ball pythons
  4 bats (D:1)
  6 endoplasms
  4 giant cockroaches (D:1)
  5 goblins
  3 hobgoblins
  4 jackals (D:3)
  A quokka (D:1)
  4 frilled lizards
  2 kobolds
  5 rats
54 creatures vanquished.

Notes
Turn   | Place    | Note
-------+----------+-------------------------------------------
     0 | D:1      | Ashen the Demonspawn Ice Elementalist began the quest for
                  | the Orb.
     0 | D:1      | Reached XP level 1. HP: 13/13 MP: 3/3
   333 | D:1      | Gained mutation: You sometimes gain a little power by
                  | taking damage. [demonic ancestry]
   333 | D:1      | Reached XP level 2. HP: 19/20 MP: 3/5
  1021 | D:1      | Reached skill level 1 in Fighting
  1021 | D:1      | Reached XP level 3. HP: 26/26 MP: 0/6
  1025 | D:1      | Learned a level 3 spell: Frozen Ramparts
  1448 | D:2      | Noticed Jessica
  1454 | D:2      | Killed Jessica
  1495 | D:2      | Gained mutation: Your demonic aura sometimes causes spilled
                  | blood to erupt in flames. [demonic ancestry]
  1495 | D:2      | Reached XP level 4. HP: 24/32 MP: 2/7
  2011 | D:3      | Learned a level 3 spell: Ozocubu's Armour
  2017 | D:3      | Reached skill level 4 in Ice Magic
  2111 | D:3      | Noticed Terence
  2358 | D:3      | Noticed Natasha
  2369 | D:3      | Killed Natasha
  2370 | D:3      | Gained mutation: You have large cloven feet. [demonic
                  | ancestry]
  2370 | D:3      | Reached XP level 5. HP: 9/38 MP: 1/9
  2901 | D:3      | Noticed Natasha
  2913 | D:3      | Killed Terence
  2918 | D:3      | Constricted to death by Natasha

Illustrated notes

Levels and vault maps discovered:
D:1:      nzn_arrival_depleted_hourglass, layout_basic
D:2:      layout_basic, serial_bayou_pond_a, minmay_misc_feat_nine_boxes,
          uniq_jessica
D:3:      minmay_door_path, layout_loops_ring, minmay_misc_feat_tiny,
          minmay_cut_off, uniq_terence, uniq_natasha

Skill      XL: |  1  2  3  4  5 |
---------------+----------------+-----
Stealth        | 2 |  2.8
Dodging        | 2 |  2.7
Fighting       | 1 2 |  2.0
Ice Magic      | 4 |  4.2
Spellcasting   | |  2.9

Action                   |  1- 3 |  4- 6 || total
-------------------------+-------+-------++-------
Melee: Unarmed           |    28 |       ||    28
       Short sword       |     5 |    26 ||    31
 Cast: Freeze            |    48 |     9 ||    57
       Frozen Ramparts   |       |     5 ||     5
       Ozocubu's Armour  |       |     1 ||     1
Evoke: Wand              |       |     4 ||     4
  Use: Scroll            |       |     1 ||     1
       Potion            |       |     1 ||     1
 Stab: Sleeping          |     7 |     3 ||    10
Armor: Robe              |    24 |     6 ||    30
Dodge: Dodged            |    59 |    22 ||    81
